 Dungeon Crawl Stone Soup version 0.31-a0-1009-g454b1f1e0a (webtiles) character file.

Game seed: 9243600779953209179

6234 bayefendi the Cleaver (level 10, -3/81 HPs)
             Began as a Minotaur Fighter on Nov 16, 2023.
             Was a Priest of Lugonu.
             Slain by a death yak (16 damage)
             ... on level 9 of the Dungeon.
             The game lasted 00:27:03 (9950 turns).

bayefendi the Cleaver (Minotaur Fighter)            Turns: 9950, Time: 00:27:04

Health: -3/81      AC: 17    Str: 26    XL:     10   Next: 62%
Magic:  9/9        EV: 14    Int:  5    God:    Lugonu [***...]
Gold:   488        SH: 10    Dex: 13    Spells: 8/9 levels left

rFire   + . .        y - +2 hand axe (heavy)
rCold   . . .        l - +0 kite shield
rNeg    . . .        o - +3 chain mail {rF+}
rPois   .            (helmet restricted)
rElec   .            A - +0 cloak
rCorr   .            (no gloves)
SInv    .            p - +0 pair of boots
Will    .....        (no amulet) Stlth
                     e - +5 ring of evasion
HPRegen 0.33/turn    i - +6 ring of dexterity
MPRegen 0.11/turn

%: no passive effects
@: mighty
A: horns 2, retaliatory headbutt, clumsy 1, frail 1, low MP 1, noise suppression
a: Renounce Religion, Depart the Abyss, Banish


You were on level 9 of the Dungeon.
You worshipped Lugonu.
Lugonu was most pleased with you.
You visited 1 branch of the dungeon, and saw 9 of its levels.

You collected 488 gold pieces.

Inventory:

Hand Weapons
 r - a +1 hand axe of freezing
 w - a +2 spear of freezing
 x - a +2 trident of draining
 y - a +2 heavy hand axe (weapon)
 z - a +3 quarterstaff of chaos
 G - a +0 spear
 I - a +1 vampiric short sword
 K - a +0 vampiric dagger
Armour
 c - an orb of mayhem
 l - a +0 kite shield (worn)
 o - a +3 chain mail of fire resistance (worn)
 p - a +0 pair of boots (worn)
 A - a +0 cloak (worn)
 B - an orb of guile
Jewellery
 e - a +5 ring of evasion (left hand)
 i - a +6 ring of dexterity (right hand)
 F - a ring of protection from cold
Talismans
 j - a flux talisman
 H - a serpent talisman
Wands
 k - a wand of digging (6)
 m - a wand of flame (50)
 q - a wand of polymorph (7)
 s - a wand of acid (9)
 C - a wand of paralysis (16)
 D - a wand of mindburst (8)
Scrolls
 b - 4 scrolls of teleportation
 f - 6 scrolls of identify
 h - a scroll of fog
 t - a scroll of fear
 u - a scroll of amnesia
 J - a scroll of summoning {unknown}
Potions
 a - 2 potions of curing
 d - 2 potions of might
 g - 5 potions of degeneration
 n - 2 potions of cancellation
 E - a potion of enlightenment {unknown}


   Skills:
 + Level 8.5 Fighting
 + Level 12.1 Axes
 + Level 9.6 Armour
 + Level 3.8 Dodging
 + Level 1.8 Stealth
 + Level 8.1 Shields
 + Level 0.1 Conjurations
 + Level 0.1 Fire Magic
 + Level 2.6 Invocations


You had 8 spell levels left.
You knew the following spells:

 Your Spells              Type           Power      Damage    Failure   Level
a - Foxfire               Conj/Fire      0%         2x1d4     98%         1

Your spell library contained the following spells:

 Spells                   Type           Power      Damage    Failure   Level
 Blink                    Tloc           0%         N/A       99%         2
 Volatile Blastmotes      Fire/Tloc      0%         2d10      100%        3
 Fulminant Prism          Conj/Hex       0%         3d5       100%        4
 Iskenderun's Mystic Bla  Conj/Tloc      0%         2d3       100%        4
 Manifold Assault         Tloc           0%         N/A       100%        4
 Vhi's Electric Charge    Tloc/Air       0%         N/A       100%        4
 Arcjolt                  Conj/Air       0%         1d10      100%        5
 Plasma Beam              Fire/Air       0%         2x1d10    100%        6
 Starburst                Conj/Fire      0%         6d3       100%        6
 Maxwell's Capacitive Co  Air            0%         ∞         100%        8


Dungeon Overview and Level Annotations

Branches:
Dungeon (9/15)             Temple (0/1) D:6            Lair (0/5) D:9
    Orc: D:9-12

Altars:
Ashenzari
Fedhas
Hepliaklqana
Nemelex Xobeh
Uskayaw
Wu Jian
Xom
Yredelemnul
The Shining One
Lugonu

Shops:
D:6 (


Innate Abilities, Weirdness & Mutations

You have a pair of horns on your head.
You reflexively headbutt those who attack you in melee.
You are clumsy. (Dex -2)
You are frail. (-10% HP)
Your magical capacity is low. (-10% MP)
You passively dampen the noise of your surroundings.


Message History

You headbutt the death yak, but do no damage.
The death yak is severely wounded.
You hit the death yak. You block the death yak's attack.
The death yak gores you!
You hit the death yak but do no damage. You headbutt the death yak.
The death yak is severely wounded.
You completely miss the death yak. The death yak gores you!
You block the death yak's attack.
You slash the death yak!
You headbutt the death yak, but do no damage.
The death yak is almost dead.
You hit the death yak. The death yak completely misses you.
The death yak barely misses you. The death yak gores you! x2
* * * LOW HITPOINT WARNING * * *
You slash the death yak!
You kill the death yak!
Lugonu accepts your kill.
You hit the death yak but do no damage. The death yak completely misses you.
Your Axes skill increases to level 12!
Your Shields skill increases to level 8!
Press: ? - help, Shift-Dir - straight line, f - death yak
Aim: a death yak (lightly wounded, chance to affect: 17%)
Okay, then.
You feel much better. The death yak gores you!
You feel very mighty all of a sudden. The death yak closely misses you.
You barely miss the death yak. You headbutt the death yak!
The death yak is moderately wounded.
You block the death yak's attack.
You slash the death yak! Your headbutt misses the death yak.
The death yak is moderately wounded.
You block the death yak's attack.
You slash the death yak!
The death yak is heavily wounded.
The death yak gores you!
* * * LOW HITPOINT WARNING * * *
You hit the death yak but do no damage.
The death yak is heavily wounded.
The death yak gores you!
You die...

### #..< .. #.. ...
#..##.# #.# ... #..#.. #
#.# ... #..#.# .# #.#
#.# #..#.##.# #.# #.#
#.......#### #.# #.#
####.........#
#.#####.###.....@†..$...
...........#....Y.......
#........###...#...#....
#..#.#...##...#..>.# ...
#....).........#..... .
##.#.##))##.......#...
##.#.#..).÷...........#
........)##............
######...# ####...


You could see a death yak.

Vanquished Creatures
  2 death yaks (D:9)
  A cyclops (D:8)
  Jeremiah (D:6)
  An unseen horror (D:9)
  A hornet (D:8)
  Prince Ribbit (D:7)
  2 steam dragons
  2 swamp worms (D:8)
  A water moccasin (D:8)
  4 ice beasts
  2 orc warriors
  A sky beast (D:7)
  A centaur (D:9)
  4 phantoms
  A kobold brigand (D:8)
  4 bullfrogs
  Blork the orc (D:6)
  A gnoll sergeant (D:7)
  A scorpion (D:5)
  3 wights (D:7)
  4 killer bees
  A howler monkey (D:5)
  4 jellies
  5 orc priests
  Crazy Yiuf (D:7)
  2 gnoll boudas
  7 iguanas
  Ijyb (D:3)
  Terence (D:3)
  Natasha (thrice) (D:2)
  8 orc wizards
  4 gnolls (D:9)
  3 adders
  A river rat (D:9)
  A shadow imp (D:7)
  A white imp (D:8)
  2 ufetubi (D:6)
  2 worms
  5 dart slugs
  22 orcs
  4 bats
  2 endoplasms
  A giant cockroach (D:2)
  7 goblins
  5 hobgoblins
  2 jackals (D:1)
  6 kobolds
  4 quokkas
  6 ball pythons
  7 frilled lizards
  3 rats
160 creatures vanquished.

Vanquished Creatures (others)
  An orc wizard (D:9)
  A foxfire (D:1)
2 creatures vanquished.

Grand Total: 162 creatures vanquished

Notes
Turn   | Place    | Note
-------+----------+-------------------------------------------
     0 | D:1      | bayefendi the Minotaur Fighter began the quest for the Orb.
     0 | D:1      | Reached XP level 1. HP: 19/19 MP: 0/0
   382 | D:1      | Reached XP level 2. HP: 27/27 MP: 1/1
   547 | D:1      | Found a faded altar of an unknown god.
   555 | D:1      | Prayed at the altar of an unknown god.
   555 | D:1      | Became a worshipper of Lugonu the Unformed
   555 | D:1      | Reached * piety under Lugonu
   678 | D:1      | Learned a level 1 spell: Foxfire
   938 | D:2      | Reached XP level 3. HP: 32/33 MP: 2/2
  1332 | D:2      | Noticed Natasha
  1355 | D:2      | Killed Natasha
  1356 | D:2      | Reached skill level 3 in Axes
  1390 | D:2      | Noticed Natasha
  1396 | D:2      | Killed Natasha
  1397 | D:2      | Reached skill level 1 in Dodging
  1397 | D:2      | Reached XP level 4. HP: 29/40 MP: 3/3
  1548 | D:2      | Noticed Natasha
  1555 | D:2      | Killed Natasha
  1779 | D:3      | Noticed Terence
  1782 | D:3      | Reached ** piety under Lugonu
  1794 | D:3      | Killed Terence
  1795 | D:3      | Reached skill level 4 in Axes
  1795 | D:3      | Reached XP level 5. HP: 42/47 MP: 4/4
  1900 | D:3      | Learned a level 2 spell: Blink
  1947 | D:3      | Reached skill level 5 in Armour
  1947 | D:3      | Noticed Ijyb
  1966 | D:3      | Killed Ijyb
  2211 | D:3      | Found a sparkling altar of Nemelex Xobeh.
  2211 | D:3      | Found a broken altar of Ashenzari.
  2214 | D:3      | Found a glowing golden altar of the Shining One.
  2216 | D:3      | Found a blossoming altar of Fedhas.
  2269 | D:3      | Found a basalt altar of Yredelemnul.
  2488 | D:4      | Found a shimmering altar of Xom.
  2628 | D:4      | Noticed an ice beast
  2639 | D:4      | Killed an ice beast
  2640 | D:4      | Reached skill level 5 in Axes
  2640 | D:4      | Reached XP level 6. HP: 32/55 MP: 5/5
  3137 | D:5      | Entered Level 5 of the Dungeon
  3141 | D:5      | Noticed an ice beast
  3149 | D:5      | Reached skill level 5 in Fighting
  3151 | D:5      | Reached skill level 6 in Axes
  3153 | D:5      | Killed an ice beast
  3154 | D:5      | Reached XP level 7. HP: 35/61 MP: 6/6
  3276 | D:5      | Reached skill level 7 in Axes
  4421 | D:6      | Noticed Jeremiah
  4427 | D:6      | Noticed Blork the orc
  4435 | D:6      | Killed Blork the orc
  4454 | D:6      | Paralysed by Jeremiah for 4 turns
  4902 | D:6      | Reached XP level 8. HP: 64/66 MP: 7/7
  4909 | D:6      | Found a staircase to the Ecumenical Temple.
  4920 | D:6      | Reached skill level 8 in Axes
  4951 | D:6      | Found Vuwecril's Weapon Shop.
  4969 | D:6      | Reached skill level 1 in Invocations
  5000 | D:7      | Noticed Prince Ribbit
  5007 | D:7      | Killed Prince Ribbit
  5070 | D:7      | Reached skill level 9 in Axes
  5084 | D:7      | Reached skill level 5 in Shields
  5624 | D:7      | Reached XP level 9. HP: 71/78 MP: 9/9
  5639 | D:7      | Reached skill level 10 in Axes
  5745 | D:7      | Found a runed translucent door.
  5746 | D:7      | Noticed Crazy Yiuf
  5751 | D:7      | Killed Crazy Yiuf
  6888 | D:6      | Gained mutation: You are robust. (+10% HP) [potion of
                  | mutation]
  6888 | D:6      | Gained mutation: You are somewhat resistant to further
                  | mutation. [potion of mutation]
  6888 | D:6      | Gained mutation: You passively dampen the noise of your
                  | surroundings. [potion of mutation]
  6894 | D:6      | Lost mutation: You are robust. (+10% HP) [potion of
                  | mutation]
  6894 | D:6      | Lost mutation: You are somewhat resistant to further
                  | mutation. [potion of mutation]
  6894 | D:6      | Gained mutation: You are frail. (-10% HP) [potion of
                  | mutation]
  6894 | D:6      | Gained mutation: Your magical capacity is low. (-10% MP)
                  | [potion of mutation]
  6894 | D:6      | Gained mutation: You are clumsy. (Dex -2) [potion of
                  | mutation]
  6963 | D:6      | Paralysed by Jeremiah for 4 turns
  6968 | D:6      | Killed Jeremiah
  6969 | D:6      | Reached skill level 1 in Stealth
  7125 | D:6      | Reached *** piety under Lugonu
  7306 | D:6      | Found a hide-covered altar of Uskayaw.
  7769 | D:8      | Found a hazy altar of Hepliaklqana.
  8096 | D:8      | Reached skill level 11 in Axes
  8744 | D:8      | Found an ornate altar of the Wu Jian Council.
  8884 | D:8      | Noticed a cyclops
  8895 | D:8      | Killed a cyclops
  8896 | D:8      | Reached XP level 10. HP: 45/79 MP: 4/9
  9540 | D:9      | Noticed a death yak
  9562 | D:9      | Killed a death yak
  9748 | D:9      | Found a staircase to the Lair.
  9934 | D:9      | Noticed a death yak
  9934 | D:9      | Noticed a death yak
  9944 | D:9      | Killed a death yak
  9945 | D:9      | Reached skill level 12 in Axes
  9950 | D:9      | Slain by a death yak

Illustrated notes

Levels and vault maps discovered:
D:1:      minmay_arrival_plants_in_alcoves, layout_loops_ring,
          shapermc_ecumenical_altar_pompeii
D:2:      layout_rooms, uniq_natasha
D:3:      layout_basic, minitemple, mainiacjoe_overflow_six_doors_small,
          uniq_ijyb, uniq_terence
D:4:      layout_basic, mainiacjoe_overflow_alcove_2, nicolae_grassy_gnolls
D:5:      layout_cave_pools
D:6:      layout_cave_pods, eat_drink_and_be_merry_uskayaw,
          minmay_temple_entry_sparse_star, serial_shops, shop,
          uniq_blork_the_orc, uniq_jeremiah
D:7:      layout_layer_cave, grunt_decor_resistance, grunt_tough_drop,
          uniq_crazy_yiuf_cottage, uniq_prince_ribbit1
D:8:      layout_gridville, mainiacjoe_overflow_surrounded_room,
          old_standard_altar, serial_shops, nicolae_lakefront_shop, worms_lemuel
D:9:      layout_loops_cross, dpeg_lair_monsters

Skill      XL: |  1  2  3  4  5  6  7  8  9 10 |
---------------+-------------------------------+-----
Fighting       | 4 5 6 7 8 |  8.5
Armour         | 4 5 6 7 8 9 |  9.6
Shields        | 4 5 7 8 |  8.1
Axes           | 3 4 5 6 7 9 11 12 | 12.1
Dodging        | 1 2 3 |  3.8
Invocations    | 1 2 |  2.6
Stealth        | 1 |  1.8
Conjurations   | |  0.1
Fire Magic     | |  0.1

Action                     |  1- 3 |  4- 6 |  7- 9 | 10-12 || total
---------------------------+-------+-------+-------+-------++-------
  Melee: War axe           |    75 |    91 |   138 |       ||   304
         Headbutt          |    12 |    20 |    36 |    16 ||    84
         Hand axe          |       |       |    77 |    75 ||   152
   Cast: Foxfire           |     1 |       |       |       ||     1
 Invoke: Banish            |       |       |     4 |       ||     4
    Use: Potion            |     5 |       |     6 |     2 ||    13
         Scroll            |     3 |       |     8 |     1 ||    12
 Armour: Scale mail        |    51 |    14 |       |       ||    65
         Chain mail        |       |    38 |   144 |    81 ||   263
         Skin              |       |    12 |       |       ||    12
  Dodge: Dodged            |    65 |    66 |   136 |    46 ||   313
  Block: Buckler           |    20 |    22 |     8 |       ||    50
         Kite shield       |       |       |   105 |    44 ||   149

Table legend: (Time is in decaauts)
 A = Elapsed time spent in this place.
 B = Non-inter-level travel time spent in this place.
 C = Inter-level travel time spent in this place.
 D = Time resting spent in this place.
 E = Time spent auto-exploring this place.
 F = Levels seen in this place.
 G = Mean time per level.
                   A        B        C        D        E       F      G
               +--------+--------+--------+--------+--------+-----+--------+
         Total |  10085 |  10085 |      0 |   3669 |   2984 |   9 | 1120.6 |
       Dungeon |  10085 |  10085 |      0 |   3669 |   2984 |   9 | 1120.6 |
               +--------+--------+--------+--------+--------+-----+--------+

Top non-repeatable levels by time:
     D:7: 1908 daAuts
     D:8: 1662 daAuts
     D:6: 1441 daAuts
     D:4: 1119 daAuts
     D:2: 937 daAuts
     D:1: 884 daAuts
     D:5: 799 daAuts
     D:3: 723 daAuts
     D:9: 607 daAuts
